AoeStats
← ekansdilos_

Black Forest

510148910Analyzed
2v2 RM · 19h ago on Sep 29, 2026· 51m 26s· 4 players
Game mode
Random Map
Map size
Medium (4 player)
Population
200
Speed
Normal
Resources
Standard
Victory
Conquest
Starting age
Dark Age
Ending age
Imperial Age
RankedLock teamsTeams togetherTeam positionsShared explorationLock speedFull tech treeHidden civsTurbo modeCheats
Victory
Defeat
🇦🇹 Italians · Austria
805
+12
🇪🇸 Turks · Spain
652
+18
🇫🇷 Hindustanis · France
710
-23
🇩🇪 Franks · Germany
700
-15
King Kong
0:35 Loom
13:44 Feudal Age
14:41 Town Watch
18:09 Double-Bit Axe
27:41 Castle Age
26:15 Scale Barding Armor
29:23 Husbandry
32:40 Imperial Age
30:14 Scale Mail Armor
31:47 Wheelbarrow
35:33 Gold Mining
36:16 Town Patrol
36:45 Cavalier
40:16 Gold Shaft Mining
45:04 Bow Saw
LaTorche67
14:23 Feudal Age
15:44 Horse Collar
21:01 Man-at-Arms
24:11 Castle Age
25:06 Crossbowman
34:08 Long Swordsman
34:11 Elite Skirmisher
35:02 Thumb Ring
38:25 Imperial Age
ekansdilos_
0:30 Loom
12:41 Feudal Age
13:08 Double-Bit Axe
14:03 Wheelbarrow
13:13 Town Watch
22:18 Castle Age
21:15 Horse Collar
21:31 Fletching
21:48 Padded Archer Armor
23:34 Hand Cart
23:19 Town Patrol
24:10 Heavy Plow
28:04 Bodkin Arrow
28:25 Leather Archer Armor
29:33 Murder Holes
29:59 Ballistics
29:50 Masonry
30:03 Gold Mining
30:04 Stone Mining
35:40 Imperial Age
34:45 Fortified Wall
36:51 Bracer
37:05 Forging
37:32 Ring Archer Armor
37:30 Conscription
39:15 Gold Shaft Mining
39:05 Arrowslits
41:00 Elite Janissary
44:02 Hoardings
44:21 Sanctity
44:12 Fervor
50:04 Bow Saw
Not at work4898
0:40 Loom
15:13 Feudal Age
16:05 Horse Collar
20:14 Double-Bit Axe
26:21 Castle Age
24:56 Padded Archer Armor
24:47 Fletching
27:26 Bow Saw
27:18 Heavy Plow
32:52 Silk Road
32:50 Leather Archer Armor
35:29 Imperial Age
33:40 Silk Road
34:24 Ballistics
34:04 Bodkin Arrow
36:16 Thumb Ring
37:39 Chemistry
37:48 Crop Rotation
38:44 Two-Man Saw
39:20 Conscription
40:26 Caravan
41:57 Leather Archer Armor
44:29 Ring Archer Armor
44:03 Bracer
46:03 Pirotechnia
46:01 Elite Genoese Crossbowman
Connection lost

Rejoining the realm…

Still unreachable

The connection could not be restored.

Session expired

The server has moved on; the page needs a fresh start.